 Dungeon Crawl Stone Soup version 0.25.1-8-g42b30a86e7 (webtiles) character file.

Game seed: 6520957442843548302

310 Clowwww the Chopper (level 6, -1/53 HPs)
             Began as a Minotaur Fighter on Dec 14, 2020.
             Slain by Grinder (5 damage)
             ... while paralysed by Grinder
             ... on level 3 of the Dungeon.
             The game lasted 00:05:03 (2393 turns).

Clowwww the Chopper (Minotaur Fighter)              Turns: 2393, Time: 00:05:04

Health: -1/53      AC:  8    Str: 23    XL:     6   Next: 18%
Magic:  5/5        EV:  2    Int:  5    God:
Gold:   167        SH:  0    Dex:  9    Spells: 5/5 levels left

rFire    . . .     SeeInvis .   a - +0 war axe
rCold    . . .     Gourm    .   c - +0 kite shield
rNeg     . . .     Faith    .   b - +0 scale mail
rPois    .         Spirit   .   (helmet restricted)
rElec    .         Reflect  .   (no cloak)
rCorr    .         Harm     .   p - +0 pair of gloves
MR       .....                  (no boots)
Stlth    ..........             (no amulet)
HPRegen  0.17/turn              (no ring)
MPRegen  0.09/turn              (no ring)

@: paralysed, mighty
A: retaliatory headbutt, horns 2
a: no special abilities


You were on level 3 of the Dungeon.
You were not hungry.

You visited 1 branch of the dungeon, and saw 3 of its levels.

You collected 167 gold pieces.

Inventory:

Hand Weapons
 a - a +0 war axe (weapon)
Armour
 b - a +0 scale mail (worn)
 c - a +0 kite shield (worn)
 p - a +0 pair of gloves (worn)
Jewellery
 j - an uncursed ring of flight {unknown}
Scrolls
 e - 3 scrolls of remove curse {unknown}
 g - 2 scrolls of teleportation {unknown}
 h - a scroll of noise {unknown}
 i - a scroll of amnesia {unknown}
 m - 2 scrolls of identify {unknown}
 o - 3 scrolls of enchant armour {unknown}
Potions
 k - 3 potions of curing {unknown}
 l - a potion of mutation {unknown}
 n - a potion of resistance {unknown}
 q - a potion of flight {unknown}
 s - 2 potions of stabbing {unknown}
 t - a potion of brilliance {unknown}
Comestibles
 f - 5 rations


   Skills:
 + Level 4.7 Fighting
 + Level 5.3 Axes
 + Level 4.5 Armour
 + Level 1.3 Dodging
 + Level 5.0 Shields


You had 5 spell levels left.
You didn't know any spells.
Your spell library was empty.

Dungeon Overview and Level Annotations

Branches:
Dungeon (3/15)

Altars:
Cheibriados
Elyvilon
Wu Jian

Annotations:
D:3 Grinder


Innate Abilities, Weirdness & Mutations

You reflexively headbutt those who attack you in melee.
You have a pair of horns on your head.


Message History

Grinder is moderately wounded.
You block Grinder's attack. Grinder gestures at you.
You resist with significant effort.
You slash Grinder!
Grinder is severely wounded.
You block Grinder's attack.
You barely miss Grinder. Your headbutt misses Grinder.
Grinder is severely wounded.
Grinder hits you but does no damage.
You hit Grinder. Your headbutt misses Grinder.
Grinder is almost dead.
Grinder gestures at you.
You suddenly lose the ability to move!
Grinder hits you but does no damage. Grinder hits you.
* * * LOW HITPOINT WARNING * * *
You writhe in agony.
* * * LOW HITPOINT WARNING * * *
Grinder hits you.
You die...

# ..## #. ≈... ####.###
≈..### #>.....+ .≈....
#.##.#.# ### ###≈..... #
#.#.# #.# #........
##.##.#.#######.#####........
...............5@............
##.##...#######.#####.#.#.###
#.##.#...................
#......####................
##..#'#......................
...##.##.....................
..##...##..#.................
.##.....##..................
.#⌠..♣..⌠#...........


You could see Grinder.

Vanquished Creatures
  The ghost of Destapler the Sneak, an amateur KoCj (D:3)
  A worker ant (D:3)
  3 gnolls (D:3)
  3 adders
  A worm (D:3)
  3 dart slugs
  A leopard gecko (D:1)
  2 giant cockroaches
  3 goblins
  7 hobgoblins
  9 jackals
  2 quokkas
  A ball python (D:2)
  7 bats
  2 frilled lizards (D:1)
  4 kobolds
  8 rats
58 creatures vanquished.

Notes
Turn   | Place    | Note
-------+----------+-------------------------------------------
     0 | D:1      | Clowwww the Minotaur Fighter began the quest for the Orb.
     0 | D:1      | Reached XP level 1. HP: 19/19 MP: 0/0
   370 | D:1      | Reached XP level 2. HP: 27/27 MP: 1/1
   803 | D:1      | Reached XP level 3. HP: 32/33 MP: 2/2
  1357 | D:2      | Found a white marble altar of Elyvilon.
  1397 | D:2      | Found a snail-covered altar of Cheibriados.
  1704 | D:2      | Found an ornate altar of the Wu Jian Council.
  1732 | D:2      | Reached XP level 4. HP: 34/40 MP: 3/3
  2146 | D:3      | Noticed Destapler's ghost (amateur KoCj)
  2149 | D:3      | Found a runed translucent door.
  2162 | D:3      | Reached XP level 5. HP: 44/47 MP: 4/4
  2199 | D:3      | Killed Destapler's ghost
  2199 | D:3      | Reached skill level 5 in Axes
  2199 | D:3      | Reached skill level 1 in Dodging
  2199 | D:3      | Reached skill level 5 in Shields
  2199 | D:3      | Reached XP level 6. HP: 33/53 MP: 5/5
  2348 | D:3      | Noticed Grinder
  2361 | D:3      | Paralysed by Grinder for 5 turns
  2368 | D:3      | Paralysed by Grinder for 7 turns
  2378 | D:3      | Paralysed by Grinder for 7 turns
  2391 | D:3      | Paralysed by Grinder for 6 turns
  2393 | D:3      | Slain by Grinder

Illustrated notes

Levels and vault maps discovered:
D:1:      elethiomel_arrival_quiet, layout_loops_ring, minmay_fountain_box,
          wad_floor_pattern_untrapped
D:2:      layout_loops_ring, marbit_many_paths, kennysheep_slug_shrine,
          first_ration, roderic_roman_lattice, minmay_hedge_maze,
          elyvilon_altar_3
D:3:      layout_basic, nicolae_ru_path_of_blood,
          hellmonk_ghost_happy_afterlife, uniq_grinder

Skill      XL: |  1  2  3  4  5 |
---------------+----------------+-----
Armour         | 4 |  4.5
Shields        | 4 5 |  5.0
Axes           | 3 4 5 |  5.3
Fighting       | 4 |  4.7
Dodging        | 1 |  1.3

Action                   |  1- 3 |  4- 6 || total
-------------------------+-------+-------++-------
Melee: War axe           |   119 |    64 ||   183
       Headbutt          |    14 |     9 ||    23
  Use: Potion            |       |     1 ||     1
  Eat: Chunk             |     3 |     2 ||     5
Armor: Scale mail        |    64 |    30 ||    94
Dodge: Dodged            |    40 |    13 ||    53
Block: Kite shield       |    64 |    39 ||   103
